 Dungeon Crawl Stone Soup version 0.28-a0-616-gdeb3d7f7b4 (webtiles) character file.

Game seed: 6307161145407751500

48 KristoblXynda the Slasher (level 3, -12/24 (30) HPs)
             Began as a Draconian Gladiator on Oct 6, 2021.
             Blown up by Ijyb (23 damage)
             ... with a mindburst bolt
             ... on level 3 of the Dungeon.
             The game lasted 00:01:15 (2023 turns).

KristoblXynda the Slasher (Draconian Gladiator)     Turns: 2023, Time: 00:01:17

HP:   -12/24 (30)   AC:  5    Str: 17    XL:     3   Next: 50%
MP:   3/3           EV: 12    Int:  8    God:
Gold: 123           SH:  0    Dex: 12    Spells: 2/2 levels left

rFire   . . .      SeeInvis .   a - +0 long sword
rCold   . . .      Faith    .   (no shield)
rNeg    . . .      Spirit   .   (armour unavailable)
rPois   .          Reflect  .   b - +0 hat
rElec   .          Harm     .   (no cloak)
rCorr   .          Rampage  .   (no gloves)
Will    .....                   (no boots)
Stlth   +.........              (no amulet)
HPRegen 0.08/turn               (no ring)
MPRegen 0.08/turn               (no ring)

@: heavily drained
A: AC +5, unfitting armour, cold-blooded
a: no special abilities


You were on level 3 of the Dungeon.
You visited 1 branch of the dungeon, and saw 3 of its levels.

You collected 123 gold pieces.

Inventory:

Hand Weapons
 a - a +0 long sword (weapon)
Missiles
 c - 3 throwing nets (quivered)
Armour
 b - a +0 hat (worn)
Wands
 m - a wand of mindburst (15)
Scrolls
 g - a scroll of holy word {unknown}
 k - a scroll of teleportation {unknown}
 l - a scroll of fear {unknown}
Potions
 d - 2 potions of lignification {unknown}
 e - a potion of magic {unknown}
 f - a potion of curing {unknown}
 h - 2 potions of invisibility {unknown}
 i - a potion of resistance {unknown}
 j - a potion of heal wounds {unknown}


   Skills:
 + Level 2.9 Fighting
 * Level 3.7 Long Blades
 - Level 2.0 Throwing
 + Level 3.1 Dodging


You had 2 spell levels left.
You didn't know any spells.
Your spell library was empty.

Dungeon Overview and Level Annotations

Branches:
Dungeon (3/15)

Altars:

Annotations:
D:3 Ijyb


Innate Abilities, Weirdness & Mutations

Your plain brown scales are hard. (AC +5)
You cannot fit into any form of body armour.
You are cold-blooded and may be slowed by cold attacks.


Message History

No target in view!
No target in view!
No target in view!
No target in view!
No target in view!
No target in view!
m - a wand of mindburst (17)
Found a stone staircase leading down.
Ijyb the Twisted Goblin comes into view.
She is wielding a +3 dagger of draining and carrying a wand of mindburst (3).
Ijyb is nearby!
A quokka comes into view.
The quokka moves out of view.
Ijyb shouts!
Ijyb hits you but does no damage.
You feel drained.
You hit Ijyb but do no damage. Ijyb barely misses you.
You hit Ijyb.
Your tail-slap misses Ijyb.
Ijyb is lightly wounded.
Ijyb hits you with a +3 dagger of draining.
You feel drained.
You hit Ijyb.
Ijyb is heavily wounded.
Ijyb completely misses you. Ijyb hits you but does no damage.
You feel drained.
You hit Ijyb but do no damage.
Ijyb is heavily wounded.
Ijyb hits you with a +3 dagger of draining.
You feel drained.
Unknown command.
Aiming: Mindburst
Press: ? - help, Shift-Dir - straight line, f - Ijyb
Aim: Ijyb, wielding a +3 dagger of draining, wearing a +0 ring mail and carrying a wand of mindburst (3) (heavily wounded, chance to affect: 73%) Ijyb struggles to resist.
Ijyb hits you with a +3 dagger of draining!
You feel drained.
There's nothing to close nearby.
Aiming: Mindburst
Press: ? - help, Shift-Dir - straight line, f/p - Ijyb
Aim: Ijyb, wielding a +3 dagger of draining, wearing a +0 ring mail and carrying a wand of mindburst (3) (heavily wounded, chance to affect: 73%) Ijyb struggles to resist.
Ijyb zaps a wand.
Your mind is blasted!
Ouch! That really hurt!
You die...

#.......# #.###
##.#..###
####.###
##.#.....
#......#
##.##.###..
#.#....# ##.##.#
#..###.# ...##..
#..# #.# #######.
#..###.#
.#########.#....#
......rg@......#
###..####.#.####
# .....# ..##.###
..# #.# . #.# ..#
###


You could see Ijyb and a quokka.

Vanquished Creatures
  An adder (D:2)
  A dart slug (D:3)
  5 ball pythons
  An endoplasm (D:1)
  4 goblins
  A hobgoblin (D:1)
  6 jackals (D:2)
  2 quokkas (D:1)
  4 bats
  4 frilled lizards (D:2)
  2 kobolds (D:1)
  4 rats
35 creatures vanquished.

Notes
Turn   | Place    | Note
-------+----------+-------------------------------------------
     0 | D:1      | KristoblXynda the Draconian Gladiator began the quest for
                  | the Orb.
     0 | D:1      | Reached XP level 1. HP: 17/17 MP: 1/1
   470 | D:1      | Reached XP level 2. HP: 25/25 MP: 2/2
  1146 | D:2      | Reached XP level 3. HP: 24/30 MP: 3/3
  1443 | D:2      | Found a faded altar of an unknown god.
  2012 | D:3      | Noticed Ijyb
  2023 | D:3      | Blown up by Ijyb

Illustrated notes

Levels and vault maps discovered:
D:1:      dpeg_arrival_snail, layout_loops_ring
D:2:      layout_loops_cross, shapermc_ecumenical_altar_notcrosses,
          minmay_misc_feat_columns, minivault_5
D:3:      layout_loops_cross, uniq_natasha, uniq_ijyb

Skill      XL: |  1  2 |
---------------+-------+-----
Throwing       | 2 |  2.0
Dodging        | 3 |  3.1
Fighting       | |  2.9
Long Blades    | |  3.7

Action                   || total
-------------------------++-------
Melee: Long sword        ||   104
       Tailslap          ||     8
Evoke: Wand              ||     2
 Stab: Sleeping          ||     5
Armor: Skin              ||    38
Dodge: Dodged            ||    87

Table legend: (Time is in decaauts)
 A = Elapsed time spent in this place.
 B = Non-inter-level travel time spent in this place.
 C = Inter-level travel time spent in this place.
 D = Time resting spent in this place.
 E = Time spent auto-exploring this place.
 F = Levels seen in this place.
 G = Mean time per level.
                   A        B        C        D        E       F      G
               +--------+--------+--------+--------+--------+-----+--------+
         Total |   2047 |   2002 |     45 |    129 |   1611 |   3 |  682.3 |
       Dungeon |   2047 |   2002 |     45 |    129 |   1611 |   3 |  682.3 |
               +--------+--------+--------+--------+--------+-----+--------+

Top non-repeatable levels by time:
     D:2: 1053 daAuts
     D:1: 891 daAuts
     D:3: 102 daAuts
